 Dungeon Crawl Stone Soup version 0.27-a0-385-g3208abaabc (webtiles) character file.

Game seed: 17961228993521951897

15 sahdkjhfkaj the Chiller (level 2, 0/21 HPs)
             Began as a Demonspawn Ice Elementalist on Feb 18, 2021.
             Slain by a worm (2 damage)
             ... on level 2 of the Dungeon.
             The game lasted 00:02:39 (1621 turns).

sahdkjhfkaj the Chiller (DsIE)                      Turns: 1621, Time: 00:02:40

Health: 0/21       AC:  2    Str:  8    XL:     2   Next: 34%
Magic:  2/5        EV: 12    Int: 16    God:
Gold:   27         SH:  0    Dex: 13    Spells: 4/5 levels left

rFire    . . .     SeeInvis .   (no weapon)
rCold    . . .     Faith    .   (no shield)
rNeg     . . .     Spirit   .   a - +0 robe
rPois    .         Reflect  .   (no helmet)
rElec    .         Harm     .   (no cloak)
rCorr    .         Rampage  .   (no gloves)
Will     +....                  (no boots)
Stlth    ++........             (no amulet)
HPRegen  0.07/turn              h - ring of willpower
MPRegen  0.09/turn              (no ring)

@: no status effects
A: talons 1
a: no special abilities


You were on level 2 of the Dungeon.
You visited 1 branch of the dungeon, and saw 2 of its levels.

You collected 27 gold pieces.

Inventory:

Armour
 a - a +0 robe (worn)
 i - a +0 pair of boots
Jewellery
 h - a ring of willpower (left hand)
Scrolls
 c - a scroll of teleportation {unknown}
 f - a scroll of blinking {unknown}
 g - 2 scrolls of identify {unknown}
Potions
 b - 2 potions of heal wounds {unknown}
 d - a potion of might {unknown}
 e - a potion of brilliance {unknown}


   Skills:
 - Level 1.0 Fighting
 - Level 2.0 Dodging
 + Level 2.4 Stealth
 - Level 2.0 Spellcasting
 - Level 3.6 Ice Magic


You had 4 spell levels left.
You knew the following spells:

 Your Spells              Type           Power        Failure   Level
a - Freeze                Ice            52%          4%          1

Your spell library contained the following spells:

 Spells                   Type           Power        Failure   Level
 Frozen Ramparts          Ice            26%          14%         3
 Ozocubu's Armour         Ice            13%          14%         3
 Hailstorm                Conj/Ice       7%           69%         4
 Summon Ice Beast         Ice/Summ       7%           69%         4


Dungeon Overview and Level Annotations

Branches:
Dungeon (2/15)

Altars:


Innate Abilities, Weirdness & Mutations

You have sharp toenails.


Message History

The worm is severely wounded.
Aiming: Freeze (safe; 4% risk of failure)
Press: ? - help, Q - select action Shift-Dir - straight line, f/p - worm
Aim: a worm (severely wounded)
You freeze the worm.
The worm is almost dead.
The worm bites you!
* * * LOW HITPOINT WARNING * * *
Unknown command.
There is a stone staircase leading up, spattered with blood here.
You can't go up here!
There is a stone staircase leading up, spattered with blood here.
You climb upwards.
There is a stone staircase leading down here.
You start resting.
Magic restored.
You start resting.
HP restored.
You climb downwards.
The worm bites you!
There is a stone staircase leading up, spattered with blood here.
Aiming: Freeze (safe; 4% risk of failure)
Press: ? - help, Q - select action Shift-Dir - straight line, f - worm
Aim: a worm You freeze the worm.
The worm is moderately wounded.
The worm bites you!
* * * LOW HITPOINT WARNING * * *
Aiming: Freeze (safe; 4% risk of failure)
Press: ? - help, Q - select action Shift-Dir - straight line, f/p - worm
Aim: a worm (moderately wounded)
You freeze the worm.
The worm is heavily wounded.
Unknown command.
Aiming: Freeze (safe; 4% risk of failure)
Press: ? - help, Q - select action Shift-Dir - straight line, f/p - worm
Aim: a worm (heavily wounded)
You freeze the worm!
The worm is almost dead.
The worm bites you.
You die...

#†#.#.##.## ..# ######
#.#.#.#...##..#
.....###.#.#......#..#
.........#...........#
.###.###.##.........##
#.. #............#
##.##.##.........#
....###.......##
#.#### ##...@w.#####.
#.# ##........... .#
#####.###### ... ####


You could see a worm.

Vanquished Creatures
  A dart slug (D:1)
  A leopard gecko (D:2)
  2 bats (D:1)
  2 giant cockroaches
  A goblin (D:1)
  A hobgoblin (D:1)
  A kobold (D:1)
  2 frilled lizards
11 creatures vanquished.

Vanquished Creatures (others)
  3 plants (D:2)
3 creatures vanquished.

Grand Total: 14 creatures vanquished

Notes
Turn   | Place    | Note
-------+----------+-------------------------------------------
     0 | D:1      | sahdkjhfkaj the Demonspawn Ice Elementalist began the quest
                  | for the Orb.
     0 | D:1      | Reached XP level 1. HP: 13/13 MP: 3/3
   536 | D:1      | Reached skill level 1 in Fighting
   681 | D:1      | Gained mutation: You have sharp toenails. [demonic
                  | ancestry]
   681 | D:1      | Reached XP level 2. HP: 13/21 MP: 0/5
  1621 | D:2      | Slain by a worm

Illustrated notes

Levels and vault maps discovered:
D:1:      roderic_octagonal_star, layout_basic, minmay_misc_feat_five
D:2:      layout_loops_ring, serial_bayou_pond_c

Skill      XL: |  1 |
---------------+----+-----
Stealth        | 2 |  2.4
Dodging        | 2 |  2.0
Fighting       | 1 |  1.0
Spellcasting   | |  2.0
Ice Magic      | |  3.6

Action                   || total
-------------------------++-------
Melee: Unarmed           ||    19
 Cast: Freeze            ||    28
 Stab: Sleeping          ||     1
Armor: Robe              ||     4
Dodge: Dodged            ||    16

Table legend: (Time is in decaauts)
 A = Elapsed time spent in this place.
 B = Non-inter-level travel time spent in this place.
 C = Inter-level travel time spent in this place.
 D = Time resting spent in this place.
 E = Time spent auto-exploring this place.
 F = Levels seen in this place.
 G = Mean time per level.
                   A        B        C        D        E       F      G
               +--------+--------+--------+--------+--------+-----+--------+
         Total |   1622 |   1525 |     97 |    223 |   1161 |   2 |  811.0 |
       Dungeon |   1622 |   1525 |     97 |    223 |   1161 |   2 |  811.0 |
               +--------+--------+--------+--------+--------+-----+--------+

Top non-repeatable levels by time:
     D:1: 1488 daAuts
     D:2: 134 daAuts
